 Dungeon Crawl Stone Soup version 0.30-a0-389-g8d7d949f56 (webtiles) character file.

Game seed: 2248615950413534543

6 tio the Grave Robber (level 1, 0/13 HPs)
             Began as a Demonspawn Necromancer on Dec 3, 2022.
             Slain by a jackal (3 damage)
             ... on level 1 of the Dungeon.
             The game lasted 00:03:47 (341 turns).

tio the Grave Robber (Demonspawn Necromancer)        Turns: 341, Time: 00:03:48

Health: 0/13       AC:  2    Str:  8    XL:     1   Next: 75%
Magic:  3/3        EV: 12    Int: 16    God:
Gold:   15         SH:  0    Dex: 13    Spells: 3/4 levels left

rFire   . . .      SeeInvis .    d - +0 hand axe
rCold   . . .      Faith    .    (no shield)
rNeg    . . .      Spirit   .    a - +0 robe
rPois   .          Reflect  .    (no helmet)
rElec   .          Harm     .    (no cloak)
rCorr   .          Rampage  .    (no gloves)
Will    .....                    (no boots)
Stlth   ++........               (no amulet)
HPRegen 0.22/turn                (no ring)
MPRegen 0.08/turn                (no ring)

@: no status effects
A: no striking features
a: no special abilities


You were on level 1 of the Dungeon.
You visited 1 branch of the dungeon, and saw 2 of its levels.

You collected 15 gold pieces.

Inventory:

Hand Weapons
 d - a +0 hand axe (weapon)
Armour
 a - a +0 robe (worn)
Scrolls
 c - a scroll of identify {unknown}
 e - a scroll of immolation {unknown}
Potions
 b - a potion of magic


   Skills:
 + Level 1.7 Dodging
 + Level 1.9 Stealth
 + Level 2.1 Spellcasting
 + Level 4.5 Necromancy


You had 3 spell levels left.
You knew the following spells:

 Your Spells              Type           Power      Damage    Failure   Level
a - Necrotise             Necr           64%        1d7       3%          1

Your spell library contained the following spells:

 Spells                   Type           Power      Damage    Failure   Level
 Vampiric Draining        Necr           16%        2d7       10%         3
 Animate Dead             Necr           16%        N/A       30%         4
 Agony                    Necr           16%        N/A       65%         5


Dungeon Overview and Level Annotations

Branches:
Dungeon (2/15)

Altars:

Shops:
D:1 [?(   D:2 ?


Message History

The jackal attacks as you move away! The jackal bites you.
* * * LOW HITPOINT WARNING * * *
Found a stone staircase leading down.
The jackal misses you. The jackal attacks as you move away!
The jackal bites you but does no damage.
The jackal barely misses you. The jackal misses you.
The jackal attacks as you move away! The jackal barely misses you.
The jackal bites you but does no damage.
The jackal attacks as you move away!
The jackal bites you but does no damage.
The jackal barely misses you. The jackal attacks as you move away!
The jackal closely misses you. x2
The jackal attacks as you move away! The jackal completely misses you.
Found a long sword.
Found a stone staircase leading up.
The jackal barely misses you. The jackal bites you.
* * * LOW HITPOINT WARNING * * *
You see here a +0 long sword.
The jackal attacks as you move away! The jackal barely misses you.
The jackal closely misses you.
There is a stone staircase leading up here.
The jackal bites you but does no damage.
The jackal bites you.
* * * LOW HITPOINT WARNING * * *
You climb upwards.
There is a stone staircase leading down here.
The jackal attacks as you move away! The jackal closely misses you.
The jackal attacks as you move away! The jackal barely misses you.
The jackal barely misses you. The jackal attacks as you move away!
The jackal bites you.
* * * LOW HITPOINT WARNING * * *
The jackal bites you but does no damage.
The jackal barely misses you. The jackal closely misses you.
The jackal attacks as you move away!
The jackal bites you but does no damage.
The jackal bites you.
You die...

############..## #..............
............>.#####..............
.#....###....h....#..............
.#....# #........................
.#.)..# #.........#..............
.#....# #.........#.##...........
......# #.........#.##...........
#####.##########h##.##...........
#...# #@##.##........... ###.#
#.##.............. #.#
#.#####........... #.#
#####.#.∩##........... #.#
#.....#..##.##########
#.####.#####..##. ######
#.......#.....##. ......
#######.#.###.#############
#...#.# #..............


You could see 2 jackals.

Vanquished Creatures
  A goblin (D:1)
  2 hobgoblins (D:1)
  2 kobolds (D:1)
5 creatures vanquished.

Notes
Turn   | Place    | Note
-------+----------+-------------------------------------------
     0 | D:1      | tio the Demonspawn Necromancer began the quest for the Orb.
     0 | D:1      | Reached XP level 1. HP: 13/13 MP: 3/3
   167 | D:1      | Found Dyozergh's Antique Weapon Boutique.
   257 | D:1      | Found Ostawir's Magic Scroll Emporium.
   258 | D:1      | Found Giufot's Armour Emporium.
   341 | D:1      | Slain by a jackal

Illustrated notes

Levels and vault maps discovered:
D:1:      lightli_arrival_boilingwater, layout_basic, serial_shops, shop, shop,
          nicolae_shop_statue_plus, kennysheep_doodads, dk_noncrumbling_3
D:2:      layout_basic, basic_altar, chequers_arboretum, minmay_hedge_maze,
          uniq_jessica, uniq_terence

Action                   || total
-------------------------++-------
Melee: Hand axe          ||    10
       Punch             ||     1
 Cast: Necrotise         ||     8
Armor: Robe              ||    15
Dodge: Dodged            ||    42

Table legend: (Time is in decaauts)
 A = Elapsed time spent in this place.
 B = Non-inter-level travel time spent in this place.
 C = Inter-level travel time spent in this place.
 D = Time resting spent in this place.
 E = Time spent auto-exploring this place.
 F = Levels seen in this place.
 G = Mean time per level.
                   A        B        C        D        E       F      G
               +--------+--------+--------+--------+--------+-----+--------+
         Total |    345 |    345 |      0 |      0 |    244 |   2 |  172.5 |
       Dungeon |    345 |    345 |      0 |      0 |    244 |   2 |  172.5 |
               +--------+--------+--------+--------+--------+-----+--------+

Top non-repeatable levels by time:
     D:1: 307 daAuts
     D:2: 37 daAuts
